 Dungeon Crawl Stone Soup version 0.30-b1-2-g02819fbbbe (webtiles) character file.

Game seed: 6707532894851687776

260410 raph the Warrior (level 19, -4/179 HPs)
             Began as a Minotaur Fighter on Dec 27, 2023.
             Was the Champion of Cheibriados.
             Slain by a vault warden
             ... wielding a +2 war axe of distortion
              (12 damage)
             ... on level 2 of the Vaults.
             The game lasted 01:10:57 (33931 turns).

raph the Warrior (Minotaur Fighter)                Turns: 33931, Time: 01:10:58

Health: -4/179     AC: 39    Str: 42    XL:     19   Next: 17%
Magic:  23/28      EV: 26    Int: 26    God:    Cheibriados [******]
Gold:   1554       SH: 17    Dex: 33    Spells: 10/27 levels left

rFire   + . .        a - +2 scimitar (elec)
rCold   . . .        J - +3 kite shield {rF+}
rNeg    . . .        k - +5 plate armour {Will+}
rPois   .            x - +2 hat
rElec   +            c - +2 cloak {rCorr}
rCorr   +            s - +2 pair of gloves
SInv    +            T - +1 pair of boots of Uphuv {rElec Int+6 Slay+2 SInv}
Will    ++...        m - amulet of regeneration Stlth
                     Z - +6 ring of strength
HPRegen 1.29/turn    O - +4 ring of protection
MPRegen 0.21/turn

%: no passive effects
@: very slow
A: horns 2, retaliatory headbutt
}: 2/15 runes: barnacled, gossamer
a: Renounce Religion, Bend Time, Temporal Distortion, Slouch, Step From Time


You were on level 2 of the Vaults.
You worshipped Cheibriados.
Cheibriados was exalted by your worship.
You visited 6 branches of the dungeon, and saw 32 of its levels.
You also visited: Ossuary and Volcano.

You collected 4627 gold pieces.
You spent 3073 gold pieces at shops.

Inventory:

Hand Weapons
 a - a +2 scimitar of electrocution (weapon)
 w - the +10 morningstar "Eos" {elec, Halo rElec}
   (You took it off a centaur on level 11 of the Dungeon)

   Halo:      It grants its wielder a halo, revealing invisible creatures and
   increasing accuracy against all within it other than the wielder.
   rElec:     It insulates you from electricity.
Missiles
 d - 52 poisoned darts
 r - 24 boomerangs
 t - 3 throwing nets
 y - 8 boomerangs of dispersal
 I - 28 javelins
Armour
 c - a +2 cloak of preservation (worn)
 k - a +5 plate armour of willpower (worn)
 s - a +2 pair of gloves (worn)
 x - a +2 hat (worn)
 G - a +2 plate armour of fire resistance
 J - a +3 kite shield of fire resistance (worn)
 T - the +1 pair of boots of Uphuv (worn) {rElec Int+6 Slay+2 SInv}
   (You found it on level 3 of the Lair of Beasts)

   Int:       It affects your intelligence (+6).
   Slay:      It affects your accuracy & damage with ranged weapons and melee
   (+2).
   rElec:     It insulates you from electricity.
   SInv:      It lets you see invisible.
Jewellery
 m - an amulet of regeneration (around neck)
 O - a +4 ring of protection (right hand)
 X - the ring of Exhibitionism {rPois rN+ MP+9 Dex-4}
   (You found it on level 1 of the Spider Nest)

   [ring of magical power]

   Dex:       It affects your dexterity (-4).
   rPois:     It protects you from poison.
   rN:        It protects you from negative energy.
   MP:        It affects your magic capacity (+9).
 Z - a +6 ring of strength (left hand)
Wands
 e - a wand of polymorph (10)
 f - a wand of paralysis (18)
 o - a wand of flame (40) (quivered)
 A - a wand of light (24)
 C - a wand of iceblast (21)
 Q - a wand of mindburst (12)
 V - a wand of digging (7)
Scrolls
 l - 19 scrolls of teleportation
 n - 2 scrolls of blinking
 u - 4 scrolls of fog
 v - 3 scrolls of amnesia
 B - 2 scrolls of poison
 M - 20 scrolls of identify
 N - 3 scrolls of magic mapping
 W - 3 scrolls of fear
Potions
 b - a potion of resistance
 g - 14 potions of ambrosia
 h - a potion of flight
 i - 19 potions of curing
 j - 2 potions of cancellation
 p - 14 potions of might
 z - 4 potions of brilliance
 D - a potion of invisibility
 E - 3 potions of magic
 K - 9 potions of heal wounds
 L - 3 potions of berserk rage
 P - 2 potions of mutation
Miscellaneous
 F - a tin of tremorstones (2/2)
 H - a phantom mirror
 S - a lightning rod (4/4)
 U - a box of beasts


   Skills:
 + Level 17.8 Fighting
 - Level 14.0 Long Blades
 + Level 17.6 Armour
 + Level 16.0 Dodging
 - Level 6.4 Shields
 - Level 4.7 Spellcasting
 - Level 8.1 Translocations
 - Level 4.0 Earth Magic
 + Level 13.9 Invocations
 + Level 10.8 Evocations


You had 10 spell levels left.
You knew the following spells:

 Your Spells              Type           Power      Damage    Failure   Level
a - Passwall              Tmut/Erth      13%        N/A       24%         2
b - Blink                 Tloc           96%        N/A       1%          2
c - Lesser Beckoning      Tloc           96%        N/A       1%          2
d - Momentum Strike       Conj/Tloc      54%        3d9       11%         2
e - Gell's Gravitas       Tloc           48%        N/A       3%          3
f - Teleport Other        Tloc           48%        N/A       3%          3
g - Vhi's Electric Charg  Tloc/Air       54%        N/A       21%         3

Your spell library contained the following spells:

 Spells                   Type           Power      Damage    Failure   Level
 Kiss of Death            Conj/Necr      24%        2d7       36%         1
 Shock                    Conj/Air       24%        1d4       36%         1
 Stone Arrow              Conj/Erth      32%        3d9       43%         3
 Ensorcelled Hibernation  Hex/Ice        12%        N/A       50%         2
 Poisonous Vapours        Pois/Air       12%        N/A       50%         2
 Scorch                   Fire           12%        2d5       50%         2
 Static Discharge         Conj/Air       12%        2-3/arc   50%         2
 Sublimation of Blood     Necr           6%         N/A       50%         2
 Confusing Touch          Hex            6%         N/A       73%         3
 Ignite Poison            Fire/Tmut/Pois 6%         N/A       73%         3
 Mephitic Cloud           Conj/Pois/Air  6%         N/A       73%         3
 Spider Form              Tmut/Pois      6%         N/A       73%         3
 Swiftness                Air            6%         N/A       73%         3
 Animate Armour           Summ/Erth      32%        N/A       85%         4
 Petrify                  Tmut/Erth      16%        N/A       85%         4
 Dispersal                Tloc           24%        N/A       89%         6
 Airstrike                Air            3%         2d(1-17)  98%         4
 Anguish                  Hex/Necr       3%         N/A       98%         4
 Cause Fear               Hex            3%         N/A       98%         4
 Dispel Undead            Necr           6%         3d8       98%         4
 Flame Wave               Conj/Fire      6%         2d5       98%         4
 Ice Form                 Ice/Tmut       6%         N/A       98%         4
 Olgreb's Toxic Radiance  Pois           6%         N/A       98%         4
 Sticky Flame             Conj/Fire      6%         2d3       98%         4
 Summon Lightning Spire   Summ/Air       6%         N/A       98%         4
 Borgnjor's Vile Clutch   Necr/Erth      8%         N/A       99%         5
 Alistair's Intoxication  Tmut/Pois      4%         N/A       100%        5
 Arcjolt                  Conj/Air       3%         1d13      100%        5
 Blade Hands              Tmut           3%         N/A       100%        5
 Freezing Cloud           Conj/Ice/Air   3%         6-21      100%        5
 Irradiate                Conj/Tmut      3%         3d12      100%        5
 Eringya's Noxious Bog    Tmut/Pois      3%         N/A       100%        6
 Iron Shot                Conj/Erth      8%         9d3       100%        6
 Plasma Beam              Fire/Air       3%         2x1d14    100%        6
 Summon Cactus Giant      Summ           3%         N/A       100%        6
 Dragon Form              Tmut           3%         N/A       100%        7
 Discord                  Hex            3%         N/A       100%        8
 Disjunction              Tloc           24%        N/A       100%        8
 Ignition                 Fire           3%         3d4       100%        8
 Lehudib's Crystal Spear  Conj/Erth      8%         10d3      100%        8
 Dragon's Call            Summ           3%         N/A       100%        9


Dungeon Overview and Level Annotations

Branches:
Dungeon (15/15)            Temple (0/1) D:6            Lair (5/5) D:11
 Shoals (4/4) Lair:3       Spider (4/4) Lair:3        Slime (0/5) Lair:4
    Orc (2/2) D:11            Elf (0/3) Orc:2        Vaults (2/5) D:13
 Depths (0/4) D:15        Ossuary (visited)         Volcano (visited)
  Crypt: Vaults:2-3

Altars:
Ashenzari
Cheibriados
Dithmenos
Makhleb
Qazlal
Uskayaw
Wu Jian
Yredelemnul

Shops:
D:11 !   D:15 !   Orc:2 [*(:   Shoals:1 (*[*   Vaults:2 [


Innate Abilities, Weirdness & Mutations

You have a pair of horns on your head.
You reflexively headbutt those who attack you in melee.


Message History

You furiously retaliate!
You headbutt the death knight. You closely miss the death knight.
You headbutt the death knight, but do no damage.
The death knight is heavily wounded.
You hit the death knight.
Lightning courses through the death knight!
You headbutt the death knight, but do no damage.
The death knight is severely wounded.
The death knight mumbles some strange prayers to Yredelemnul against you.
You resist with almost no effort. You block the vault warden's attack.
A deep troll comes into view.
You slash the death knight!
The death knight is severely wounded.
You block the vault warden's attack.
A yaktaur captain comes into view.
You slash the vault warden!
Lightning courses through the vault warden!
You kill the vault warden!
Cheibriados appreciates the change of pace.
You block the vault warden's attack.
You hit the death knight. You headbutt the death knight.
The death knight is almost dead.
The death knight offers itself to Yredelemnul, and fills with unholy energy.
The vault warden hits you with a +2 war axe of distortion!
* * * LOW HITPOINT WARNING * * *
The ironbound convoker gestures at the vault guard while chanting.
The vault guard seems to grow stronger.
You slice the death knight!!
You kill the death knight!
Cheibriados thoroughly appreciates the change of pace.
Your damage is reflected back at you!
* * * LOW HITPOINT WARNING * * *
You slice the vault warden!!
You headbutt the vault warden, but do no damage.
The vault warden is almost dead.
The sentinel's mark upon you fades away.
The vault warden hits you with a +2 war axe of distortion!!
* * * LOW HITPOINT WARNING * * *
Space warps horribly around you!
You die...

#################.
#........[......#.
#.#############.#.
#.#.. #.#. #.#.#
#.'. #.#.# #.#. ##
#.#.# #.#. +..
#)#.# #.#. #.u.
#@#.# #.#.
#..pp#p#)######
#.#.
+....ppW.Z.....
..#.
#...}##########
###. ##### . . .
###########


You could see a vault warden (strong), a vault guard (strong), an eidolon and a
vault sentinel.

Vanquished Creatures
  Polyphemus (Shoals:2)
  Frances (D:14)
  Agnes (D:14)
  4 vault wardens (Vaults:2)
  2 emperor scorpions
  A ghost moth (Spider:2)
  The ghost of Seisakk the Thaumaturge, a journeyman GnHW of Ashenzari (D:13)
  2 orc warlords (Orc:2)
  A curse skull (Vaults:2)
  5 ironbound preservers
  6 broodmothers (Spider:4)
  2 very ugly things (Vaults:1)
  2 ironbound thunderhulks (Vaults:2)
  3 minotaurs (Shoals:4)
  3 dire elephants (Vaults:2)
  2 fire dragons (Lair:5)
  A great orb of eyes (Vaults:1)
  3 yaktaur captains
  Fannar (Orc:1)
  A vault guard (D:13)
  Erolcha (D:11)
  3 entropy weavers
  2 hydras
  4 boulder beetles
  A merfolk avatar (Shoals:2)
  An ironbound frostheart (Vaults:2)
  4 centaur warriors
  An ogre mage (D:11)
  2 death knights
  A catoblepas (Shoals:2)
  A merfolk aquamancer (Shoals:1)
  3 jorogumos
  6 two-headed ogres
  3 death yaks (Shoals:2)
  3 tengu warriors
  Urug (D:13)
  17 satyrs
  4 orc high priests (Orc:2)
  2 fire crabs
  Amaemon (Lair:1)
  6 skysharks
  6 pharaoh ants
  15 skeletal warriors
  7 sea snakes
  An orange crystal statue (Vaults:1)
  22 deep trolls
  14 orb spiders
  6 orc knights
  An ironbound convoker (Vaults:2)
  6 lindwurms
  9 steelbarb worms
  A deep elf archer (D:12)
  A swamp dragon (Lair:5)
  2 phantasmal warriors
  13 harpies
  3 necromancers
  7 wizards
  A deep elf zephyrmancer (D:15)
  21 fauns
  12 wolf spiders
  34 ugly things
  3 cyclopes
  4 deep elf pyromancers
  13 merfolk sirens
  17 manticores
  7 orc sorcerers
  5 moths of wrath
  4 elephants (Lair:1)
  11 demonic crawlers
  Maurice (D:11)
  2 water nymphs
  10 cane toads
  11 torpor snails
  4 vault sentinels
  5 black mambas
  4 gargoyles
  An orange demon (Lair:1)
  2 rime drakes
  2 centaur skeletons (D:15)
  An unseen horror (D:10)
  6 kobold demonologists
  3 freezing wraiths
  2 tengu conjurers
  17 yaktaurs
  9 komodo dragons
  A queen bee (Orc:1)
  A troll (shapeshifter) (D:11)
  4 meliai
  22 tarantellas
  15 merfolk
  A polar bear (Lair:1)
  9 trolls
  7 hornets (Lair:5)
  3 tyrant leeches (Lair:5)
  26 blink frogs
  A wolf spider simulacrum (D:15)
  A blink frog (shapeshifter) (D:12)
  14 wind drakes
  4 dream sheep (Lair:4)
  5 snapping turtles
  25 jumping spiders
  A culicivora (shapeshifter) (D:15)
  3 shadows
  27 slime creatures
  2 wraiths
  A vampire (D:10)
  21 culicivoras
  29 yaks
  4 water elementals
  2 wyverns
  10 basilisks
  19 humans (D:13)
  4 steam dragons
  31 redbacks
  3 vampire mosquitoes (D:13)
  2 acid dragons (Lair:5)
  2 wargs (Orc:2)
  11 water moccasins
  6 hell hounds
  41 orc warriors
  A sky beast (D:7)
  2 swamp drakes (Lair:5)
  An ice beast (D:5)
  4 boggarts (Vaults:1)
  A boggart (shapeshifter) (D:12)
  4 ogres
  A phantom (D:5)
  16 centaurs
  9 wolves (Lair:2)
  4 kobold brigands
  2 elf zombies (D:5)
  12 bullfrogs
  A gnoll sergeant (D:12)
  An elf skeleton (D:5)
  A scorpion (D:6)
  11 killer bees (Orc:1)
  2 electric eels
  A howler monkey (D:10)
  3 centaur zombies
  3 hounds
  3 human zombies (Ossuary)
  5 jellies
  A gnoll bouda (D:6)
  29 orc priests
  A sleepcap (D:7)
  2 human skeletons (D:5)
  6 iguanas
  30 orc wizards
  4 hound zombies (Ossuary)
  A boggart simulacrum (D:15)
  3 mummies (Ossuary)
  Robin (D:4)
  8 adders
  6 gnolls
  2 white imps
  5 adder zombies (Ossuary)
  A worm (D:2)
  4 dart slugs
  99 orcs
  11 ball pythons
  12 endoplasms
  18 goblins
  6 hobgoblins
  4 jackals (D:2)
  14 kobolds
  2 quokkas
  5 bats
  4 frilled lizards
  3 goblin zombies (Ossuary)
  2 hobgoblin zombies (Ossuary)
  A jackal zombie (Ossuary)
  4 kobold zombies (Ossuary)
  An orc skeleton (D:5)
  2 orc zombies (Ossuary)
  4 quokka zombies (Ossuary)
  3 rats
  6 rat zombies (Ossuary)
1187 creatures vanquished.

Vanquished Creatures (collateral kills)
  A troll (Orc:2)
  An orc (Orc:2)
2 creatures vanquished.

Vanquished Creatures (others)
  An ogre mage (D:11)
  A wolf spider (Spider:2)
  2 jumping spiders
  An orc warrior (Orc:2)
  An iguana (Lair:5)
  An orc wizard (Orc:2)
  An orc (Orc:2)
  8 bushes (D:12)
  32 fungi
  67 plants
115 creatures vanquished.

Grand Total: 1304 creatures vanquished

Notes
Turn   | Place    | Note
-------+----------+-------------------------------------------
     0 | D:1      | raph the Minotaur Fighter began the quest for the Orb.
     0 | D:1      | Reached XP level 1. HP: 19/19 MP: 0/0
    41 | D:1      | Found a faded altar of an unknown god.
    91 | D:1      | Reached XP level 2. HP: 26/26 MP: 1/1
   467 | D:1      | Prayed at the altar of an unknown god.
   467 | D:1      | Became a worshipper of Cheibriados the Contemplative
   467 | D:1      | Reached * piety under Cheibriados
   534 | D:2      | Reached XP level 3. HP: 30/31 MP: 2/2
   570 | D:2      | Reached skill level 5 in Long Blades
   770 | D:2      | Reached XP level 4. HP: 39/39 MP: 3/3
   845 | D:2      | Reached ** piety under Cheibriados
  1861 | D:3      | Reached XP level 5. HP: 40/45 MP: 4/4
  1871 | D:3      | Reached *** piety under Cheibriados
  2466 | D:4      | Reached skill level 1 in Dodging
  2466 | D:4      | Reached skill level 1 in Invocations
  2466 | D:4      | Reached XP level 6. HP: 37/52 MP: 2/5
  2739 | D:4      | Identified the +2 helmet of the Sparrow {Dex+4}
  2739 | D:4      | Noticed Robin
  2758 | D:4      | Reached **** piety under Cheibriados
  2763 | D:4      | Killed Robin
  2814 | D:5      | Entered Level 5 of the Dungeon
  2943 | D:5      | Found a sand-covered staircase.
  2955 | Ossuary  | Entered an ossuary
  2984 | Ossuary  | Reached XP level 7. HP: 59/59 MP: 7/7
  3262 | Ossuary  | Reached ***** piety under Cheibriados
  3720 | D:5      | Reached skill level 5 in Shields
  3720 | D:5      | Reached XP level 8. HP: 67/67 MP: 8/8
  3783 | D:5      | Reached skill level 5 in Fighting
  3816 | D:5      | Reached skill level 5 in Armour
  3864 | D:5      | Found a large runed translucent door.
  3864 | D:5      | Found a large runed translucent door.
  4151 | D:6      | Found a staircase to the Ecumenical Temple.
  4238 | D:6      | Found an ornate altar of the Wu Jian Council.
  5128 | D:7      | Reached XP level 9. HP: 66/75 MP: 10/10
  5150 | D:7      | Learned a level 2 spell: Passwall
  6088 | D:8      | Reached ****** piety under Cheibriados
  6303 | D:8      | Reached skill level 10 in Long Blades
  6399 | D:9      | Reached skill level 5 in Dodging
  6570 | D:9      | Found a basalt altar of Yredelemnul.
  6572 | D:9      | Noticed a kobold demonologist
  6572 | D:9      | Noticed a kobold demonologist
  6573 | D:9      | Noticed a kobold demonologist
  6587 | D:9      | Noticed a two-headed ogre
  6591 | D:9      | Reached skill level 5 in Invocations
  6593 | D:9      | Reached XP level 10. HP: 70/86 MP: 1/12
  6607 | D:9      | Killed a two-headed ogre
  6638 | D:9      | Noticed a smoke demon
  6640 | D:9      | Noticed a smoke demon
  6641 | D:9      | Noticed an orange demon
  6855 | D:9      | You fall into a shaft and drop 2 floors!
  6862 | D:10     | Entered Level 10 of the Dungeon
  7761 | D:10     | Found a shadowy altar of Dithmenos.
  8014 | D:11     | Noticed Erolcha
  8014 | D:11     | Noticed a gargoyle
  8029 | D:10     | Killed a gargoyle
  8141 | D:11     | Killed Erolcha
  8142 | D:11     | Reached XP level 11. HP: 70/95 MP: 14/14
  8186 | D:11     | Found a staircase to the Orcish Mines.
  8204 | D:11     | Noticed Maurice
  8215 | D:11     | Killed Maurice
  8368 | D:11     | Noticed a skeletal warrior
  8391 | D:11     | Killed a skeletal warrior
  8454 | D:11     | Noticed a skeletal warrior
  8476 | D:11     | Killed a skeletal warrior
  8514 | D:11     | Noticed a skeletal warrior
  8522 | D:11     | Noticed a skeletal warrior
  8532 | D:11     | Killed a skeletal warrior
  8541 | D:11     | Killed a skeletal warrior
  8659 | D:11     | Noticed an ogre mage
  8670 | D:11     | Killed an ogre mage
  8688 | D:11     | Noticed a centaur warrior
  8691 | D:11     | Noticed a deep elf pyromancer
  8699 | D:11     | Noticed an ogre mage
  8702 | D:11     | Killed a deep elf pyromancer
  8712 | D:11     | Killed a centaur warrior
  8713 | D:11     | HP: 2/97 [troll (shapeshifter) (9)]
  8717 | D:11     | Killed an ogre mage
  9013 | D:11     | Found a stormy altar of Qazlal.
  9104 | D:11     | Identified the staff of air "Tylifiri" {rElec rF+}
  9188 | D:11     | Found Zucefob's Distillery.
  9191 | D:11     | Bought a potion of heal wounds for 70 gold pieces
  9191 | D:11     | Bought a potion of might for 56 gold pieces
  9245 | D:11     | Reached XP level 12. HP: 100/106 MP: 16/16
  9258 | D:11     | Reached skill level 10 in Armour
  9263 | D:11     | Reached skill level 10 in Fighting
  9284 | D:11     | Found a staircase to the Lair.
  9308 | D:11     | Identified the staff of poison "Dunt" {*Corrode rPois Str-3
                  | Int+6 Dex+2}
  9459 | Lair:1   | Entered Level 1 of the Lair of Beasts
  9832 | Lair:1   | Noticed Amaemon
  9841 | Lair:1   | Killed Amaemon
  9949 | Lair:1   | Identified a scroll of acquirement
  9949 | Lair:1   | Acquired 685 gold pieces
 10023 | D:11     | Bought 2 potions of curing for 84 gold pieces
 10023 | D:11     | Bought a potion of experience for 700 gold pieces
 10023 | D:11     | Bought a potion of curing for 42 gold pieces
 10023 | D:11     | Bought a potion of ambrosia for 112 gold pieces
 10023 | D:11     | Bought 2 potions of ambrosia for 224 gold pieces
 10023 | D:11     | Reached skill level 10 in Dodging
 10023 | D:11     | Reached XP level 13. HP: 117/117 MP: 17/19
 10498 | Lair:1   | Learned a level 2 spell: Blink
 10775 | Lair:2   | Reached skill level 1 in Evocations
 11043 | Lair:2   | Reached skill level 1 in Translocations
 11852 | Lair:3   | Identified the +4 scimitar of Powerful Valiance {distort,
                  | *Slow rPois Str+4 Stlth+}
 11855 | Lair:3   | Identified the +1 pair of boots of Uphuv {rElec Int+6
                  | Slay+2 SInv}
 11887 | Lair:3   | Reached skill level 1 in Spellcasting
 12661 | Lair:3   | Found a hole to the Spider Nest.
 13033 | Lair:4   | Found a staircase to the Slime Pits.
 13239 | Lair:4   | Reached XP level 14. HP: 126/127 MP: 20/20
 13270 | Lair:4   | Reached skill level 10 in Invocations
 13518 | Lair:4   | Identified the +0 pair of gloves of Dehoerph {rN+}
 13966 | Lair:5   | Entered Level 5 of the Lair of Beasts
 14433 | Lair:5   | Found a runed translucent door.
 14810 | Lair:5   | HP: 3/127 [fire dragon (6)]
 15676 | Lair:5   | HP: 6/129 [poison (poison gas)]
 16138 | Orc:1    | Entered Level 1 of the Orcish Mines
 16207 | Orc:1    | Noticed Fannar
 16219 | Orc:1    | Killed Fannar
 16746 | Orc:2    | Entered Level 2 of the Orcish Mines
 16818 | Orc:2    | Found a staircase to the Elven Halls.
 16833 | Orc:2    | Noticed an orc warlord
 16913 | Orc:2    | Killed an orc warlord
 16932 | Orc:2    | Reached skill level 5 in Evocations
 16961 | Orc:2    | Found a dark tunnel.
 16970 | Volcano  | Entered a volcano
 17017 | Volcano  | Reached XP level 15. HP: 136/136 MP: 22/22
 17458 | Orc:2    | Learned a level 2 spell: Lesser Beckoning
 17693 | Orc:2    | Paralysed by an orc sorcerer for 4 turns
 17808 | Orc:2    | Found Waps's General Store.
 17809 | Orc:2    | Found Dounum's Book Boutique.
 17810 | Orc:2    | Found Fysoow's Antique Armour Shop.
 17810 | Orc:2    | Found Bavetir's Antique Weapon Shop.
 17824 | Orc:2    | Bought a potion of curing for 33 gold pieces
 18096 | D:12     | Identified the +1 chain mail "Lianocra" {Stlth+}
 18723 | D:13     | Noticed Urug
 18734 | D:13     | Killed Urug
 19120 | D:13     | Found a runed translucent gate.
 19121 | D:13     | Found a runed translucent gate.
 19121 | D:13     | Found a runed translucent gate.
 19126 | D:13     | Noticed Seisakk's ghost (journeyman GnHW)
 19616 | D:13     | Found a gate to the Vaults.
 19619 | D:13     | Reached skill level 5 in Translocations
 20268 | D:14     | Learned a level 2 spell: Momentum Strike
 20433 | D:14     | Noticed Frances
 20444 | D:14     | Killed Frances
 20510 | D:14     | Found a hide-covered altar of Uskayaw.
 20564 | D:14     | Reached skill level 1 in Earth Magic
 20698 | D:14     | Noticed Agnes
 20706 | D:14     | Killed Agnes
 20707 | D:14     | Reached XP level 16. HP: 147/147 MP: 23/23
 20739 | D:15     | Entered Level 15 of the Dungeon
 21234 | D:15     | Found a staircase to the Depths.
 21581 | D:15     | Found Eqijig's Distillery.
 21593 | D:15     | Bought a potion of might for 60 gold pieces
 21593 | D:15     | Bought a potion of cancellation for 120 gold pieces
 21593 | D:15     | Bought a potion of curing for 45 gold pieces
 21593 | D:15     | Bought a potion of berserk rage for 75 gold pieces
 21959 | Shoals:1 | Entered Level 1 of the Shoals
 22735 | Shoals:1 | Found Vixish's Visitors' Centre.
 22759 | Shoals:1 | Found Vixish's Merfolk Magic.
 22762 | Shoals:1 | Found Vixish's Merfolk Armours.
 22802 | Shoals:1 | Found Vixish's Merfolk Weapons.
 22811 | Shoals:1 | Bought a +2 hat for 256 gold pieces
 22822 | Shoals:1 | Bought a wand of iceblast (7) for 319 gold pieces
 22822 | Shoals:1 | Bought a wand of iceblast (1) for 45 gold pieces
 22822 | Shoals:1 | Bought a lightning rod (4/4) for 570 gold pieces
 22889 | Shoals:2 | Reached skill level 15 in Fighting
 23110 | Shoals:2 | Noticed Polyphemus
 23145 | Shoals:2 | Killed Polyphemus
 23151 | Shoals:2 | Reached skill level 15 in Armour
 24049 | Shoals:2 | Learned a level 3 spell: Gell's Gravitas
 24053 | Shoals:2 | Learned a level 3 spell: Teleport Other
 24134 | Shoals:3 | Identified the +3 flail "Acarineslayer" {freeze, Will+}
 24306 | Shoals:3 | Reached XP level 17. HP: 156/156 MP: 25/25
 24833 | Shoals:4 | Entered Level 4 of the Shoals
 25696 | Shoals:4 | Got Fider's Discourse on Discontinuous Alteration
 25830 | Shoals:4 | Got a barnacled rune of Zot
 26020 | Spider:1 | Entered Level 1 of the Spider Nest
 26625 | Spider:1 | Identified the ring of Exhibitionism {rPois rN+ MP+9 Dex-4}
 27204 | Spider:2 | You fall into a shaft and drop 1 floor!
 27871 | Spider:3 | Identified the +5 ring mail of Ompoih {Fly rF+++ Will-
                  | Int-3}
 28253 | Spider:2 | Reached XP level 18. HP: 55/168 MP: 8/26
 29422 | Spider:4 | Entered Level 4 of the Spider Nest
 29711 | Spider:4 | Reached skill level 15 in Dodging
 29964 | Spider:4 | Got a gossamer rune of Zot
 30264 | Spider:4 | Identified the +5 ring mail of Pleasant Breezes {Str+2
                  | Int+5 SInv}
 30631 | Spider:4 | Identified the +6 scale mail of the Old and Reckless {rC+}
 31066 | D:5      | Found a broken altar of Ashenzari.
 31075 | D:5      | Found a burning altar of Makhleb.
 31287 | D:13     | Killed Seisakk's ghost
 31386 | Vaults:1 | Entered Level 1 of the Vaults
 31426 | Vaults:1 | Reached skill level 10 in Evocations
 31994 | Vaults:1 | Identified the staff of fire "Oschus" {rF+ rN+}
 32881 | Vaults:1 | Learned a level 3 spell: Vhi's Electric Charge
 33471 | Vaults:2 | Found Wucs's Antique Armour Shoppe.
 33479 | Vaults:2 | Bought a pair of embroidered gloves for 262 gold pieces
 33638 | Vaults:2 | Reached XP level 19. HP: 66/177 MP: 12/28
 33931 | Vaults:2 | HP: 8/179 [vault warden/+2 war axe of distortion (21)]
 33931 | Vaults:2 | Slain by a vault warden

Illustrated notes

Levels and vault maps discovered:
D:1:      lightli_arrival_flooded_house, layout_rooms,
          shapermc_ecumenical_altar_ellora, minmay_tromino_v4_b
D:2:      layout_basic, serial_glass, glass_columns_b, glass_columns_a,
          glass_columns_b
D:3:      layout_basic
D:4:      cheibrodos_pilgrimage, layout_rooms, uniq_robin
D:5:      layout_basic, jmf_multi_god_temple2, nicolae_ossuary_entry_catacombs
D:6:      layout_loops_ring, pdpol_wu_jian_five_deadly_venoms,
          minmay_temple_entry_proselytizer, dk_noncrumbling_3,
          supply_closet_lemuel
D:7:      layout_basic
D:8:      layout_loops_cross
D:9:      layout_long_grid, mainiacjoe_overflow_chevrons
D:10:     layout_cave_pools, grunt_dithmenos_shadows
D:11:     minmay_cut_squares, layout_loops_ring, grunt_lair_entry_orc_guard_hut,
          orc_0_dummy, serial_shops, nicolae_shop_crystal, grunt_qazlal_clouds,
          uniq_maurice, uniq_erolcha
D:12:     minmay_klotski, layout_irregular_city
D:13:     layout_irregular_city, grunt_vaults_entry_tiered,
          ebering_ghost_rock_garden, statue_in_the_mist_lemuel, uniq_urug
D:14:     layout_small_grid, eat_drink_and_be_merry_uskayaw, uniq_agnes,
          uniq_frances
D:15:     grunt_enter_depths_magical_seal, layout_loops_corners, serial_shops,
          shop
Lair:1:   layout_concentric_octagons, minivault_24, beast_lair_carwin_5,
          infiniplex_staircase_pool, uniq_amaemon
Lair:2:   layout_hall_layers, serial_bayou_pond_d
Lair:3:   layout_small_grid, nicolae_shoals_entry_flooding,
          spider_nest_entry_funnel_web, serial_bayou_shore_b
Lair:4:   layout_regular_city, minmay_slime_entry_pillars,
          nicolae_lair_grove_arrangements
Lair:5:   wormcave, layout_cave_shapes, guppyfry_lair_end_dragon
Shoals:1: nicolae_shoals_mermall, layout_shoals
Shoals:2: layout_shoals, nicolae_shoals_songs, uniq_polyphemus
Shoals:3: layout_shoals
Shoals:4: shoals_end_hellmonk_lost_city
Spider:1: layout_spider_delve
Spider:2: layout_chambers, nicolae_spider_moth_buddies
Spider:3: layout_spider_delve
Spider:4: hellmonk_spider_rune_endless_swarm
Orc:1:    layout_caves, basic_altar, special_room [special_room_bee],
          uniq_fannar
Orc:2:    st_orc_congregation, layout_diamond_mine, enter_volcano_3
Vaults:1: grunt_vaults_funnel, nicolae_vaults_statue_guard,
          vaults_dpeg_emergency_exit, vaults_room_hallway,
          layout_vaults_omnigrid
Vaults:2: ontoclasm_vaults_pinch, minmay_crypt_entry_simple_walls,
          ontoclasm_vaults_chip, nicolae_vaults_closet_pinwheel_3,
          st_spiral_rooms, nicolae_vaults_circle_grid_b,
          nicolae_vaults_three_branches, nicolae_vaults_back_hallway,
          nicolae_vaults_trapezoid_lopsided_4, nicolae_vaults_circle_grid_b,
          nicolae_vaults_trapezoid_4, layout_vaults_omnibox, serial_shops, shop

Skill      XL: |  1  2  3  4  5  6  7  8  9 10 11 12 13 14 15 16 17 18 19 |
---------------+----------------------------------------------------------+-----
Long Blades    | 3 4 5 6 7 8 9 11 12 14 | 14.0
Dodging        | 1 2 3 4 5 6 8 10 11 12 13 14 15 16 | 16.0
Invocations    | 1 2 3 5 6 7 9 10 11 12 13 | 13.9
Fighting       | 4 6 7 8 9 11 12 13 14 15 16 17 | 17.8
Armour         | 4 6 7 8 9 11 12 13 14 15 16 17 | 17.6
Shields        | 4 5 6 |  6.4
Evocations     | 2 5 6 7 9 10 | 10.8
Translocations | 2 4 5 6 7 8 |  8.1
Spellcasting   | 1 3 4 |  4.7
Earth Magic    | 1 3 4 |  4.0

Action                     |  1- 3 |  4- 6 |  7- 9 | 10-12 | 13-15 | 16-18 | 19-21 || total
---------------------------+-------+-------+-------+-------+-------+-------+-------++-------
  Melee: Long sword        |    79 |   183 |   331 |   175 |       |       |       ||   768
         Headbutt          |    11 |    26 |    73 |   109 |   348 |   576 |    38 ||  1181
         Scimitar          |       |       |       |   197 |  1194 |  1730 |    98 ||  3219
         Morningstar       |       |       |       |       |     3 |       |       ||     3
   Fire: Sling             |       |     5 |    23 |    12 |    23 |       |       ||    63
  Throw: Javelin           |       |       |       |       |     1 |       |       ||     1
         Throwing net      |       |       |       |       |     1 |       |       ||     1
   Cast: Blink             |       |       |       |       |     4 |     1 |       ||     5
         Passwall          |       |       |       |       |     1 |       |       ||     1
         Lesser Beckoning  |       |       |       |       |     1 |    83 |     5 ||    89
         Momentum Strike   |       |       |       |       |       |     2 |       ||     2
         Vhi's Electric Ch |       |       |       |       |       |     2 |       ||     2
 Invoke: Bend Time         |       |     1 |     2 |     2 |    23 |    11 |     2 ||    41
         Slouch            |       |       |     1 |     3 |     3 |     7 |       ||    14
         Temporal Distorti |       |       |       |     1 |     1 |       |     1 ||     3
         Step From Time    |       |       |       |       |     2 |       |       ||     2
  Evoke: Wand              |       |     8 |     1 |     9 |    29 |    21 |       ||    68
         Phantom mirror    |       |       |       |       |     1 |       |       ||     1
         Tin of tremorston |       |       |       |       |     1 |       |       ||     1
         Lightning rod     |       |       |       |       |       |     2 |       ||     2
    Use: Scroll            |       |    14 |     6 |     7 |     9 |     4 |       ||    40
         Potion            |       |     2 |     1 |     4 |     6 |     4 |       ||    17
   Stab: Invisible         |       |       |       |     1 |       |       |       ||     1
         Distracted        |       |       |       |       |     1 |       |       ||     1
         Petrified         |       |       |       |       |       |     2 |       ||     2
         Held in net/web   |       |       |       |       |       |     1 |       ||     1
 Armour: Plate armour      |    80 |   123 |   162 |   226 |   424 |   730 |    16 ||  1761
  Dodge: Dodged            |    27 |    76 |   130 |   190 |   836 |  1663 |    54 ||  2976
  Block: Buckler           |    27 |    54 |   131 |   138 |   263 |       |       ||   613
         Kite shield       |       |       |       |       |   437 |  1622 |    67 ||  2126
